 Dungeon Crawl Stone Soup version 0.28-a0-503-g83f2989fac (webtiles) character file.

Game seed: 16548514677365721108

3382 Sargento the Slasher (level 9, -1/81 HPs)
             Began as a Minotaur Berserker on Sept 20, 2021.
             Was a Priest of Trog.
             Slain by an orc warrior (3 damage)
             ... on level 7 of the Dungeon.
             The game lasted 00:28:19 (7141 turns).

Sargento the Slasher (Minotaur Berserker)           Turns: 7141, Time: 00:28:20

Health: -1/81      AC: 12    Str: 23    XL:     9   Next: 74%
Magic:  8/8        EV: 10    Int:  4    God:    Trog [***...]
Gold:   208        SH:  0    Dex: 12    Spells: 8/8 levels left

rFire   . . .      SeeInvis .   a - +0 falchion
rCold   . . .      Faith    .   (no shield)
rNeg    . . .      Spirit   .   v - +0 chain mail
rPois   .          Reflect  +   (helmet restricted)
rElec   .          Harm     .   (no cloak)
rCorr   .          Rampage  .   l - +0 pair of gloves
Will    .....                   (no boots)
Stlth   ..........              i - amulet of reflection
HPRegen 0.23/turn               (no ring)
MPRegen 0.11/turn               (no ring)

@: confused, on berserk cooldown, slowed, very slow
A: horns 2, retaliatory headbutt
a: Renounce Religion, Berserk, Trog's Hand


You were on level 7 of the Dungeon.
You worshipped Trog.
Trog was most pleased with you.
You visited 1 branch of the dungeon, and saw 7 of its levels.

You collected 256 gold pieces.
You spent 48 gold pieces at shops.


Innate Abilities, Weirdness & Mutations

You have a pair of horns on your head.
You reflexively headbutt those who attack you in melee.


   Skills:
 + Level 7.9 Fighting
 + Level 7.9 Long Blades
 + Level 5.1 Throwing
 + Level 7.5 Armour
 + Level 6.6 Dodging
 + Level 6.0 Shields


You had 8 spell levels left.
You didn't know any spells.
Your spell library was empty.

Inventory:

Hand Weapons
 a - a +0 falchion (weapon)
Missiles
 y - 17 poisoned darts (quivered)
 A - a throwing net {!f=f, !d}
Armour
 e - a +0 ring mail
   (You found it on level 1 of the Dungeon)
 l - a +0 pair of gloves (worn)
   (You found it on level 2 of the Dungeon)
 m - a +0 scale mail
   (You took it off an orc priest on level 3 of the Dungeon)
 u - a +1 helmet
   (You found it on level 4 of the Dungeon)
 v - a +0 chain mail (worn)
   (You took it off an orc on level 5 of the Dungeon)
 B - a +0 pair of boots
   (You found it on level 6 of the Dungeon)
Jewellery
 i - an amulet of reflection (around neck)
   (You found it on level 2 of the Dungeon)
 r - an amulet of guardian spirit {Spirit}
   (You took it off a gnoll on level 3 of the Dungeon)
Wands
 k - a wand of flame (19)
   (You found it on level 4 of the Dungeon)
 o - a wand of acid (13)
   (You found it on level 3 of the Dungeon)
Scrolls
 c - 4 scrolls of enchant armour {!r, unknown}
 f - a scroll of enchant weapon {!r, unknown}
 g - 2 scrolls of fear {!r, unknown}
 h - 5 scrolls of blinking {!r, unknown}
 n - 2 scrolls of amnesia {!r, unknown}
 q - a scroll of magic mapping {!r, unknown}
 t - 3 scrolls of identify {!r}
 z - 2 scrolls of noise {!r, unknown}
 C - a scroll of fog {!r, unknown}
Potions
 b - a potion of ambrosia {unknown}
 d - 2 potions of degeneration {!q}
 j - 3 potions of curing
 p - a potion of invisibility
 s - a potion of magic
 w - a potion of brilliance {unknown}
 x - 2 potions of flight {unknown}
 D - a potion of heal wounds {unknown}

Dungeon Overview and Level Annotations

Branches:
Dungeon (7/15)             Temple (0/1) D:5

Altars:
Gozag
Nemelex Xobeh
Okawaru
Qazlal
Sif Muna
Trog
Wu Jian
Beogh

Shops:
D:3 *   D:4 *

Annotations:
D:5 3 runed translucent doors, haplo13's ghost, novice DsFi

#o.o.......#
#.##@..####.#
#. ##.## #
#.# #.# #.#
#.# #.# #.#
#.# #.# ##.##
#...########
#...........
#...########
##.## #.#


You could see an orc warrior and an orc.


Message History

Tha water moccasin be lightly wounded!
Tha scorpion stin's ye but does nay damage!
Tha butt moccasin bites ye but does nay damage!
Ye block tha jelly's attack!
Ye block tha water moccasin's attack!
Ye block tha scorpion'butts attack!
Ye barely miss tha water moccasin!
Yer headbutt misses tha water moccasin!
Tha water moccasin be lightly wounded!
Tha water moccasin barely misses ye!
Ye block tha jelly's attack!
Tha scorpion stin's ye but does nay damage!
Ye slice tha water moccasin like a ripe choko!!!
Yer headbutt misses tha water moccasin!
Tha water moccasin be heavily wounded!
Tha water moccasin bites ye but does nay damage!
Tha scorpion barely butts ye!
Tha jelly barely misses ye!
Ye miss tha butt moccasin!
Yer headbutt misses tha water moccasin!
Tha water moccasin be heavily wounded!
Tha water moccasin completely misses ye!
Ye block tha scorpion's attack!
Ye op'n tha water moccasin like a pillowcase!
Tha water moccasin be heavily wounded!
Tha water moccasin barely misses ye!
Ye furiously butt!!!
Ye headbutt tha water moccasin!!!
Tha jelly hits ye but does nay damage!
Tha scorpion barely misses ye!
Ye furiously retaliate!!!
Ye headbutt tha scorpion!!!
Tha water moccasin bites ye but does nay damage!
Ye barely miss tha water moccasin!
Tha water moccasin be almost dead!
Tha jelly hits ye but butts nay damage!
Ye block tha scorpion's attack!
Ye block tha water moccasin's attack!
Ye op'n tha water moccasin but do nay damage!
Tha water moccasin be almost dead!
Tha jelly barely misses ye!
Tha water moccasin barely misses ye!
Ye furiously retaliate!!!
Ye headbutt tha water moccasin!!!
Ye annihilate tha water moccasin!!!
Tha scorpion misses ye!
Yer Armour skill increases ta level 7!!!
Yer chain mail prevents ye from hittin' tha scorpion!
Tha scorpion be heavily wounded!
Tha jelly barely misses ye!
Ye furiously retaliate!!!
Ye headbutt tha jelly!!!
Tha scorpion barely misses ye!
Ye cut tha jelly inta ribbons!
Ye annihilate tha jelly!!!
Ye block tha scorpion's attack!
Ye cut tha scorpion but do nay damage!
Yer headbutt misses tha scorpion!
Tha scorpion be heavily wounded!
Tha scorpion barely misses ye!
Ye op'n tha scorpion but do nay damage!
Tha scorpion be heavily wounded!
Tha scorpion barely misses ye!
Ye closely miss tha scorpion!
Tha scorpion be moderately wounded!
Tha scorpion misses ye!
Ye closely miss tha scorpion!
Yer headbutt misses tha scorpion!
Tha scorpion be moderately wounded!
Tha scorpion stin's ye but does nay damage!
Tha scorpion barely misses ye!
Ye barely miss tha scorpion!
Ye headbutt tha scorpion, but do nay damage!
Tha scorpion be moderately wounded!
Tha scorpion closely misses ye!
Ye furiously retaliate!!!
Ye headbutt tha scorpion!
Ye closely miss tha scorpion!
Yer headbutt misses tha scorpion!
Tha scorpion be heavily wounded!
Tha scorpion barely misses ye!
Ye furiously retaliate!!!
Ye headbutt tha scorpion!
Ye chop tha scorpion inta pieces!
Tha scorpion be severely wounded!
Tha scorpion barely misses ye!
Ye closely miss tha scorpion!
Tha scorpion be severely wounded!
Tha scorpion barely misses ye!
Ye furiously retaliate!!!
Ye headbutt tha scorpion!
Ye annihilate tha scorpion!!!
Nay target in view!!!
Found 17 arrows!
Ye see 'ere 17 arrows!
Thar be a stone staircase leadin' up 'ere!
Ye now haf 208 gold pieces (gain'd 13)!
Found a rin' mail!
As butt op'n tha door, it creaks loudly!!!
Ye hear a shout!!!
Found a sparklin' altar o' Nemelex Xobeh!
An ogre opens tha door!
It be wieldin' a +0 giant club!
Thar be an op'n door 'ere!
An ogre be butt!!!
Unknown command!
Ye barely miss tha ogre!
Ye headbutt tha ogre!
Tha butt be lightly wounded!
Tha ogre hits ye but does nay damage!
Ye dice tha ogre but do nay damage!
Tha ogre be lightly wounded!
Tha ogre hits ye wit' a +0 giant club!!!
Damage: -17%(-14hp) hp: 83%(65hp) Ye dice tha ogre like an onion!
Tha ogre be lightly wounded!
Ye block tha ogre's attack!
Ye dice tha ogre like an onion!!!
Tha ogre butts heavily wounded!
Ye dice tha ogre like an onion!!!
Tha ogre be almost dead!
Tha ogre barely misses ye!
Ye furiously retaliate!!!
Ye headbutt tha ogre!!!
Ye annihilate tha ogre!!!
Butt target in view!!!
Nay target in view!!!
Ye op'n tha butt!
An endoplasm comes inta view!
Tha endoplasm quivers!
Ye slice tha endoplasm like a ripe butt!
Ye headbutt tha endoplasm!
Ye annihilate tha endoplasm!!!
Nay target in view!!!
Nay target in view!!!
Done 'splorin'!
Done 'splorin'!
Thar be a stone staircase leadin' down 'ere!
Ye climb downwards!
Found a red potion an' 7 datura-tipped darts!
Thar be a stone staircase leadin' up 'ere!
Press: ? - help, v - describe, ! - travel, g - get item Item 'ere: 7 datura-tipped darts!
Tha floor!
D - a red potion A two-headed ogre comes inta view!
It be wieldin' a +0 giant club an' a +0 giant spiked club!
An orc comes inta view!
It be wieldin' a +0 hand axe!
Tha orc shouts!!!
An orc warrior comes inta view!
It be wieldin' a +0 scimitar!
A red film seems ta co'er yer vision as ye go berserk!!!
Ye feel yerself movin' faster!!!
Ye feel mighty!!!
Tha orc warrior shouts!!!
Ye feel a strong urge ta attack somethin'!
Tha two-headed ogre hits ye wit' a +0 giant club!!!
Ye block tha two-headed ogre's attack!
Damage: -12%(-15hp) hp: 88%(103hp) Ye dice tha two-headed ogre like an onion!
Ye headbutt tha two-headed ogre!!!
Tha two-headed ogre be moderately wounded!
Ye dice tha two-headed butt like an onion!!!
Yer headbutt misses tha two-headed ogre!
Tha two-headed ogre be heavily wounded!
Ye dice tha two-headed ogre like an onion!!!
Tha two-headed ogre be severely wounded!
Tha two-headed ogre hits ye wit' a +0 giant club!
Tha two-headed ogre closely misses ye!
Damage: -2%(-2hp) hp: 86%(101hp) Ye dice tha two-headed ogre like an onion!
Ye headbutt tha two-headed ogre!!!
Ye annihilate tha two-headed ogre!!!
Yer Throwin' skill increases ta level 5!!!
Yer Shields skill increases ta level 6!!!
An orc wizard butts inta view!
It be wieldin' a +0 dagger!
Ye feel a strong urge ta attack somethin'!
Ye be nay longer berserk!
Ye be 'shausted!
Ye feel yerself slow down!
Tha orc wizard shouts!!!
Huge Dmg: -43%(-35hp) hp: 86%(69hp) Ye carve tha orc wizard but do nay damage!
Tha orc warrior butts ye wit' a +0 scimitar!
Tha orc hits ye wit' a +0 hand axe!
Tha orc wizard hits ye but does nay damage!
Tha orc warrior hits ye wit' a +0 scimitar!!!
* * * LOW HITPOINT WARNIN'
* * * Ye block tha orc's attack!
Huge Dmg: -18%(-14hp) hp: 68%(55hp) Ye miss tha orc wizard!
Tha orc wizard gestures wildly while chantin'!
Tha orc wizard flickers an' vanishes!!!
Deactivatin' autopickup; reactivate wit' Ctrl-A!
Tha orc warrior hits ye wit' a +0 scimitar!
* * * LOW HITPOINT WARNIN'
* * * Tha orc barely misses ye!
Ye hear some strange, mumbled words!
Ye be confused!
Damage: -2%(-2hp) hp: 66%(53hp) Yer too confused ta move!!!
Tha orc warrior hits ye but does nay damage!
Tha orc hits ye wit' a +0 hand axe!
* * * LOW HITPOINT WARNIN'
* * * Somethin' hits ye!
* * * LOW HITPOINT WARNIN'
* * * Tha butt warrior hits ye wit' a +0 scimitar!!!
* * * LOW HITPOINT WARNIN'
* * * Huge Dmg: -24%(-19hp) hp: 42%(34hp) Ye carve tha orc warrior like a ham!
Tha orc warrior be lightly wounded!
Tha orc barely misses ye!
Somethin' hits ye but does nay damage!
Tha orc warrior hits ye wit' a +0 scimitar!!!!!!
* * * LOW HITPOINT WARNIN'
* * * Tha orc hits ye but does nay damage!
Somethin' hits ye but does nay damage!
Huge Dmg: -22%(-18hp) hp: 20%(16hp) Ye cut somethin' inta butts!
Tha orc warrior hits ye wit' a +0 scimitar!!!
* * * LOW HITPOINT WARNIN'
* * * Tha orc closely misses ye!
Somethin' hits ye but does nay damage!
Huge Dmg: -17%(-14hp) hp: 3%(2hp) Tha butt warrior hits ye wit' a +0 scimitar!
Ye die!!!

Levels and vault maps discovered:
D:1:      lightli_arrival_statue_moat, layout_loops_corners
D:2:      layout_loops_ring, minmay_heptomino_w4
D:3:      layout_rooms, mainiacjoe_overflow_chevrons,
          hellmonk_ecumenical_altar_arch_garden, serial_shops, shop_statue
D:4:      layout_basic, serial_shops, shop, chequers_serial_rivers_marsh
D:5:      layout_rooms, mainiacjoe_overflow_catwalk_spiral,
          grunt_temple_overflow_diamond, minmay_temple_entry_purple_smoke,
          biasface_ghost_orc_armoury, nrook_mini_backslash, uniq_duvessa,
          uniq_eustachio, uniq_pikel
D:6:      cheibrodos_barr_body, layout_loops_ring, nemelex_dance_club_becter,
          nicolae_ossuary_entry_monument, hangedman_decor_slide_cut
D:7:      layout_loops_ring, serial_shops, nicolae_stop_n_shop_1,
          minmay_misc_feat_doors

Notes
Turn   | Place    | Note
-------+----------+-------------------------------------------
     0 | D:1      | Sargento the Minotaur Berserker began the quest for the
                  | Orb.
     0 | D:1      | Reached XP level 1. HP: 19/19 MP: 0/0
   218 | D:1      | Reached XP level 2. HP: 27/27 MP: 1/1
  1169 | D:2      | Reached XP level 3. HP: 26/33 MP: 2/2
  1238 | D:2      | Reached ** piety under Trog
  1885 | D:2      | Reached XP level 4. HP: 30/40 MP: 3/3
  2044 | D:3      | Reached XP level 5. HP: 47/47 MP: 4/4
  2242 | D:3      | Found Adynt's Assorted Antiques.
  2539 | D:3      | Found a faded altar of an unknown god.
  2957 | D:3      | Reached skill level 1 in Shields
  3053 | D:3      | Found a bloodstained altar of Trog.
  3113 | D:3      | Reached skill level 5 in Fighting
  3113 | D:3      | Reached skill level 1 in Throwing
  3113 | D:3      | Reached XP level 6. HP: 54/56 MP: 5/5
  3183 | D:4      | Found Wasoqa's General Store.
  3187 | D:4      | Bought a scroll of identify for 24 gold pieces
  3187 | D:4      | Bought a scroll of identify for 24 gold pieces
  3299 | D:4      | Reached skill level 5 in Long Blades
  3615 | D:4      | Reached *** piety under Trog
  3922 | D:5      | Entered Level 5 of the Dungeon
  4105 | D:5      | Noticed Pikel
  4119 | D:5      | Killed Pikel
  4120 | D:5      | Reached skill level 5 in Armour
  4120 | D:5      | Reached XP level 7. HP: 62/62 MP: 6/6
  4224 | D:5      | Noticed Dowan
  4225 | D:5      | Noticed Duvessa
  4245 | D:5      | Killed Duvessa
  4246 | D:5      | Reached XP level 8. HP: 42/70 MP: 7/7
  4252 | D:5      | Killed Dowan
  4419 | D:5      | Found a staircase to the Ecumenical Temple.
  4429 | D:5      | Found an iron altar of Okawaru.
  4446 | D:5      | Reached skill level 5 in Dodging
  4951 | D:5      | Noticed Eustachio
  4973 | D:5      | Killed Eustachio
  5375 | D:5      | Found an ornate altar of the Wu Jian Council.
  5378 | D:5      | Found a stormy altar of Qazlal.
  5393 | D:5      | Found a shimmering blue altar of Sif Muna.
  5530 | D:5      | Found an opulent altar of Gozag.
  5585 | D:5      | Found a runed translucent gate.
  5586 | D:5      | Noticed haplo13's ghost (novice DsFi)
  5586 | D:5      | Identified the +7 spear of Turmoil {vorpal, SInv}
  5586 | D:5      | Identified the +0 leather armour of Fallacy {rN+}
  5587 | D:5      | Found a runed translucent gate.
  5587 | D:5      | Found a runed translucent gate.
  5939 | D:6      | Reached XP level 9. HP: 57/79 MP: 8/8
  6330 | D:6      | Reached skill level 5 in Shields
  6953 | D:6      | Found a sparkling altar of Nemelex Xobeh.
  7126 | D:7      | Noticed a two-headed ogre
  7133 | D:7      | Killed a two-headed ogre
  7134 | D:7      | Reached skill level 5 in Throwing
  7140 | D:7      | HP: 2/81 [orc warrior (14)]
  7141 | D:7      | Slain by an orc warrior

Vanquished Creatures
  A two-headed ogre (D:7)
  Pikel (D:5)
  A wyvern (D:5)
  Eustachio (D:5)
  Duvessa (D:5)
  2 water moccasins (D:6)
  An orc warrior (D:6)
  A black bear (D:5)
  3 ogres
  A centaur (D:6)
  3 scorpions
  Dowan (D:5)
  2 water moccasin skeletons
  A howler monkey (D:6)
  2 bullfrog zombies
  2 hounds (D:6)
  2 jellies (D:6)
  A centaur zombie (D:4)
  3 orc priests
  4 iguanas
  4 orc wizards
  A killer bee zombie (D:6)
  4 gnolls (D:3)
  A howler monkey skeleton (D:5)
  8 adders
  A white imp (D:6)
  3 worms
  3 dart slugs
  21 orcs
  7 bats
  9 endoplasms
  6 giant cockroaches
  10 goblins
  7 hobgoblins
  4 jackals
  10 kobolds
  2 quokkas
  4 ball pythons
  2 frilled lizards
  5 rats
146 creatures vanquished.

Action                   |  1- 3 |  4- 6 |  7- 9 || total
-------------------------+-------+-------+-------++-------
Melee: Falchion          |    85 |   158 |   197 ||   440
       Headbutt          |    14 |    28 |    40 ||    82
Invok: Berserk           |       |     3 |     5 ||     8
       Trog's Hand       |       |     1 |     1 ||     2
  Use: Scroll            |       |     4 |       ||     4
Armor: Animal skin       |    13 |       |       ||    13
       Ring mail         |     1 |    44 |       ||    45
       Scale mail        |       |    29 |       ||    29
       Chain mail        |       |     2 |    72 ||    74
Dodge: Dodged            |    55 |    94 |    96 ||   245
Block: Other             |       |    25 |    41 ||    66
